 Dungeon Crawl Stone Soup version 0.24.0-123-gd5b16e6ec5 (webtiles) character file.

Game seed: 10383687837010059724, levelgen mode: deterministic

322 Gildeon the Cudgeler (level 6, -1/37 HPs)
             Began as a Gargoyle Fighter on Dec 19, 2019.
             Was an Initiate of Ashenzari.
             Slain by an ogre
             ... wielding a +0 giant club
              (3 damage)
             ... on level 4 of the Dungeon.
             The game lasted 00:08:02 (3048 turns).

Gildeon the Cudgeler (Gargoyle Fighter)             Turns: 3048, Time: 00:08:02

Health: -1/37      AC: 15    Str: 21    XL:     6   Next: 47%
Magic:  15/15      EV:  3    Int:  9    God:    Ashenzari [......]
Gold:   115        SH:  9    Dex:  9    Spells: 5/5 levels left

rFire    . . .     SeeInvis .   a - +0 flail
rCold    . . .     Gourm    .   c - +0 shield
rNeg     + . .     Faith    .   j - +0 plate armour (curse)
rPois    ∞         Spirit   .   (no helmet)
rElec    +         Reflect  .   (no cloak)
rCorr    .         Harm     .   (no gloves)
MR       .....                  (no boots)
Stlth    ..........             (no amulet)
HPRegen  0.12/turn              e - ring of magical power
MPRegen  0.14/turn              (no ring)

@: no status effects
A: negative energy resistance 1, electricity resistance, unbreathing,
petrification resistance, rot immunity, AC +4
a: Curse Item, Renounce Religion


You were on level 4 of the Dungeon.
You worshipped Ashenzari.
Ashenzari was noncommittal.
You were hungry.

You visited 1 branch of the dungeon, and saw 4 of its levels.

You collected 115 gold pieces.

Inventory:

Hand Weapons
 a - a +0 flail (weapon)
 p - a cursed -2 whip
Armour
 c - a +0 shield (worn)
 j - a cursed +0 plate armour (worn)
Jewellery
 e - a ring of magical power (left hand)
Scrolls
 b - a scroll of remove curse
 i - 2 scrolls of random uselessness {unknown}
 k - 2 scrolls of magic mapping {unknown}
 m - a scroll of immolation {unknown}
 o - 4 scrolls of teleportation
Potions
 d - a potion of might
 g - 2 potions of curing
 h - a potion of heal wounds {unknown}
 n - a potion of berserk rage {unknown}
Comestibles
 f - 4 rations
 l - 3 chunks of flesh


   Skills:
 - Level 3.2 Fighting
 + Level 6.6 Maces & Flails
 - Level 3.2 Armour
 - Level 3.2 Shields


You had 5 spell levels left.
You didn't know any spells.
Your spell library was empty.

Dungeon Overview and Level Annotations

Branches:
Dungeon (4/15)
 Temple: D:4-7

Altars:
Ashenzari
Wu Jian
Zin
The Shining One

Annotations:
D:2 Sigmund


Innate Abilities, Weirdness & Mutations

You are resistant to torment.
Your stone body is resilient. (AC +4)
You are immune to poison.
You resist negative energy. (rN+)
You are resistant to electric shocks. (rElec)
You can survive without breathing.
You are immune to petrification.
You are immune to rotting.


Message History

The ogre is heavily wounded.
The ogre hits you but does no damage.
The worker ant bites you but does no damage.
You hit the ogre but do no damage.
The ogre is heavily wounded.
The worker ant bites you but does no damage.
The ogre hits you with a +0 giant club.
The worker ant bites you but does no damage.
You hit the ogre but do no damage.
The ogre is heavily wounded.
The worker ant completely misses you. The ogre hits you with a +0 giant club!
* * * LOW HITPOINT WARNING * * *
You closely miss the ogre.
The ogre is heavily wounded.
You block the worker ant's attack. The ogre hits you with a +0 giant club.
* * * LOW HITPOINT WARNING * * *
Your plate armour prevents you from hitting the ogre.
The ogre is heavily wounded.
You block the worker ant's attack. The ogre hits you with a +0 giant club.
You die...

###.#.# ............
..#.#.# ..............
..#.#.# ............_
..#.#.# ...........
..'.#.# #.>......##
..###.#######..(.......
..# #......##.......#
### #......##...Oa..#
#####......###..@...#
....'......# #......#
#####......###......#
#........#......#
#.######)#..[...## #.#
#............. # #.#
#..########### # #.#
#..# # #.# #..#


You could see an ogre and a worker ant.

Vanquished Creatures
  Terence (D:3)
  Natasha (thrice) (D:2)
  2 worker ants (D:4)
  A killer bee zombie (D:3)
  5 adders
  5 gnolls
  A dart slug (D:1)
  2 leopard geckos
  An orc (D:3)
  A ball python (D:3)
  A giant cockroach (D:3)
  9 goblins
  5 hobgoblins
  4 jackals (D:1)
  5 kobolds
  A quokka (D:3)
  7 bats
  4 frilled lizards
  11 rats
69 creatures vanquished.

Notes
Turn   | Place    | Note
-------+----------+-------------------------------------------
     0 | D:1      | Gildeon the Gargoyle Fighter began the quest for the Orb.
     0 | D:1      | Reached XP level 1. HP: 14/14 MP: 1/1
    75 | D:1      | Reached XP level 2. HP: 17/19 MP: 2/2
   498 | D:1      | Reached skill level 3 in Maces & Flails
   763 | D:1      | Reached XP level 3. HP: 23/23 MP: 3/3
  1022 | D:2      | Noticed Natasha
  1033 | D:2      | Killed Natasha
  1033 | D:2      | Reached skill level 4 in Maces & Flails
  1046 | D:2      | Noticed Natasha
  1053 | D:2      | Reached XP level 4. HP: 10/28 MP: 4/4
  1066 | D:2      | Killed Natasha
  1316 | D:2      | Reached skill level 5 in Maces & Flails
  1316 | D:2      | Reached XP level 5. HP: 30/32 MP: 5/5
  1462 | D:2      | Noticed Sigmund
  1550 | D:2      | Noticed Natasha
  1566 | D:2      | Killed Natasha
  1956 | D:3      | Found a shattered altar of Ashenzari.
  1961 | D:3      | Became a worshipper of Ashenzari the Shackled
  2261 | D:3      | Reached skill level 6 in Maces & Flails
  2349 | D:3      | Found a glowing golden altar of the Shining One.
  2359 | D:3      | Noticed Terence
  2384 | D:3      | Killed Terence
  2384 | D:3      | Reached XP level 6. HP: 36/37 MP: 6/6
  2684 | D:3      | Found an ornate altar of the Wu Jian Council.
  3038 | D:4      | Found a glowing silver altar of Zin.
  3048 | D:4      | Slain by an ogre

Levels and vault maps discovered:
D:1:      saegor_arrival_simple_e, layout_loops_corners, serial_aquarium,
          aquarium_bridge_square [aquarium_subvault_bridge,
          aquarium_subvault_bridge, aquarium_subvault_bridge,
          aquarium_subvault_wall], aquarium_bridge_square
          [aquarium_subvault_wall, aquarium_subvault_wall,
          aquarium_subvault_bridge, aquarium_subvault_window],
          aquarium_window_2, aquarium_window_1, aquarium_view_2c,
          aquarium_pool_2, minivault_27
D:2:      layout_basic, uniq_natasha, uniq_sigmund
D:3:      minmay_spotlight, layout_loops_cross, lemuel_doored_altar,
          lemuel_crystal_altar, nicolae_overflow_crystal_walls, first_ration,
          grunt_ministairs_11, uniq_terence
D:4:      layout_basic, lemuel_crystal_altar, overflow_temple_1_default,
          vehumet_crystals, overflow_temple_1_default

Skill      XL: |  1  2  3  4  5 |
---------------+----------------+-----
Maces & Flails | 3 4 5 6 |  6.6
Fighting       | |  3.2
Armour         | |  3.2
Shields        | |  3.2

Action                   |  1- 3 |  4- 6 || total
-------------------------+-------+-------++-------
Melee: Flail             |   114 |   257 ||   371
Invok: Curse Item        |       |     1 ||     1
  Use: Scroll            |     1 |     2 ||     3
  Eat: Chunk             |     1 |     3 ||     4
       Ration            |       |     1 ||     1
Armor: Scale mail        |    90 |    14 ||   104
       Plate armour      |       |   182 ||   182
Dodge: Dodged            |    37 |    52 ||    89
Block: Shield            |    76 |   129 ||   205
